 Dungeon Crawl Stone Soup version 0.19.5 (webtiles) character file.

632 tmcrawler the Digger (level 7, 0/36 HPs)
             Began as a Gargoyle Earth Elementalist on Mar 27, 2017.
             Slain by an iguana (4 damage)
             ... on level 4 of the Dungeon.
             The game lasted 00:28:50 (2607 turns).

tmcrawler the Digger (Gargoyle Earth Elementalist)  Turns: 2607, Time: 00:28:50

Health: 0/36       AC: 11    Str: 10 (11) XL:     7   Next: 49%
Magic:  2/13       EV: 12    Int: 18 (20) God:
Gold:   172        SH:  0    Dex:  9 (10) Spells: 2 memorised, 11 levels left

rFire  . . .     SeeInvis .     p - +4 dagger
rCold  . . .     Gourm    .     f - +0 robe
rNeg   + . .     Faith    .     (no shield)
rPois  ∞         Spirit   .     m - +2 helmet
rElec  +         Reflect  .     (no cloak)
rCorr  .         Harm     .     (no gloves)
MR     .....     Rnd*Tele +     (no boots)
Stlth  ++........               (no amulet)
                                (no ring)
                                (no ring)

@: no status effects
A: slimy green scales 1, clever 1, negative energy resistance 1, electricity
resistance, teleportitis 1, unbreathing, petrification resistance, rot immunity,
AC +4
a: no special abilities


You were on level 4 of the Dungeon.
You were not hungry.

You visited 1 branch of the dungeon, and saw 4 of its levels.

You collected 172 gold pieces.

Inventory:

Hand Weapons
 p - a +4 dagger (weapon)
Missiles
 b - 10 stones (quivered)
Armour
 f - a +0 robe (worn)
 m - a +2 helmet (worn)
Jewellery
 n - an uncursed ring of stealth {unknown}
Scrolls
 k - a scroll of remove curse
 l - a scroll of teleportation
Potions
 c - a potion of lignification
 g - a potion of mutation
 i - a potion of flight
Books
 e - a book of Geomancy

   Spells                             Type                      Level
   a - Sandblast                      Earth                        1
   b - Passwall                       Transmutation/Earth          2
   c - Stone Arrow                    Conjuration/Earth            3
   d - Petrify                        Transmutation/Earth          4
   e - Lee's Rapid Deconstruction     Earth                        5
Comestibles
 d - 2 bread rations
 h - a meat ration
 o - 2 beef jerkies


   Skills:
 - Level 1.5 Dodging
 - Level 2.1 Stealth
 + Level 4.6 Spellcasting
 + Level 2.8 Conjurations
   Level 0.7 Transmutations
 + Level 7.7 Earth Magic


You had 11 spell levels left.
You knew the following spells:

 Your Spells              Type           Power        Failure   Level  Hunger
a - Sandblast             Erth           ####..       1%          1    None
b - Stone Arrow           Conj/Erth      ###...       6%          3    ###....


Dungeon Overview and Level Annotations

Branches:
Dungeon (4/15)
 Temple: D:4-7

Altars:
Ashenzari
Elyvilon
The Shining One

Annotations:
D:3 Grinder


Innate Abilities, Weirdness & Mutations

You are resistant to torment.
Your stone body is resilient. (AC +4)
You are immune to poison.
You resist negative energy. (rN+)
You are resistant to electric shocks. (rElec)
You can survive without breathing.
You are immune to petrification.
You are immune to rotting.
You are partially covered in slimy green scales. (AC +2)
Your mind is acute. (Int +2)
You are occasionally teleported next to monsters.


Message History

The iguana closely misses you.
You hit the iguana.
The iguana is heavily wounded.
The iguana bites you.
* * * LOW HITPOINT WARNING * * *
You hit the iguana.
The iguana is heavily wounded.
The iguana bites you but does no damage.
Okay, then.
You hit the iguana but do no damage.
The iguana is heavily wounded.
The iguana bites you.
* * * LOW HITPOINT WARNING * * *
Items here: $ ) [ † a dagger; a scale mail; 5 gold pieces; an orc corpse
Things that are here:
a club; an orc corpse The iguana closely misses you.
The iguana bites you.
You die...

.##.............#
.##..........#..####
##...######........##
#.#.## ##........#
#.... ##...##..##
##### ##...####.##
.## #....## ##.###
..# #..##.l# ##..##
.## #..# ##@# #...##
## #..# ##.# ##...#
#.. ##.## ###...## ##
#<## ##...##.##
###### #.##
#....###.## #....# ##
##.##.# ##.####
#....# ##.###.#
##.... #....## ###.##
### ####. ##.....##
##..## ##


You could see an iguana.

Vanquished Creatures
  Sigmund (D:2)
  A phantom (D:4)
  A bullfrog (D:4)
  A howler monkey (D:4)
  An orc priest (D:4)
  A centaur skeleton (D:4)
  Crazy Yiuf (D:3)
  An orc wizard (D:3)
  A worker ant (D:4)
  8 adders
  An ooze (D:3)
  2 dart slugs
  5 leopard geckos
  7 orcs
  7 giant cockroaches
  3 goblins
  4 hobgoblins
  2 ball pythons
  3 bats
  3 frilled lizards
  3 kobolds
  7 rats
64 creatures vanquished.

Notes
Turn   | Place    | Note
-------+----------+-------------------------------------------
     0 | D:1      | tmcrawler the Gargoyle Earth Elementalist began the quest for the Orb.
     0 | D:1      | Reached XP level 1. HP: 10/10 MP: 3/3
   180 | D:1      | Reached skill level 4 in Earth Magic
   212 | D:1      | Reached XP level 2. HP: 15/15 MP: 3/5
   322 | D:1      | Found a glowing golden altar of the Shining One.
   983 | D:2      | Reached XP level 3. HP: 19/19 MP: 4/6
  1031 | D:2      | Noticed Sigmund
  1036 | D:2      | Killed Sigmund
  1036 | D:2      | Reached skill level 6 in Earth Magic
  1036 | D:2      | Reached XP level 4. HP: 20/24 MP: 0/9
  1036 | D:2      | Reached XP level 5. HP: 23/28 MP: 0/10
  1278 | D:2      | Reached XP level 6. HP: 32/32 MP: 9/11
  1497 | D:3      | Learned a level 1 spell: Sandblast
  1505 | D:3      | Found a shattered altar of Ashenzari.
  1781 | D:3      | Found a white marble altar of Elyvilon.
  1884 | D:3      | Noticed Grinder
  1884 | D:3      | Paralysed by Grinder for 2 turns
  1900 | D:3      | Learned a level 3 spell: Stone Arrow
  1967 | D:3      | Reached skill level 7 in Earth Magic
  2105 | D:3      | Found a runed door.
  2113 | D:3      | Noticed Crazy Yiuf
  2115 | D:3      | Killed Crazy Yiuf
  2115 | D:3      | Reached skill level 1 in Conjurations
  2179 | D:4      | Noticed a phantom
  2211 | D:4      | Killed a phantom
  2211 | D:4      | Reached XP level 7. HP: 15/36 MP: 0/13
  2541 | D:4      | Gained mutation: You are occasionally teleported next to monsters. [potion of mutation]
  2541 | D:4      | Gained mutation: You are partially covered in slimy green scales. (AC +2) [potion of mutation]
  2541 | D:4      | Gained mutation: Your mind is acute. (Int +2) [potion of mutation]
  2607 | D:4      | Slain by an iguana

Skill      XL: |  1  2  3  4  5  6 |
---------------+-------------------+-----
Earth Magic    | 4 6 7 |  7.7
Spellcasting   | 3 4 |  4.6
Conjurations   | 2 |  2.8
Dodging        | |  1.5
Stealth        | |  2.1
Transmutations | |  0.7

Action                   |  1- 3 |  4- 6 |  7- 9 || total
-------------------------+-------+-------+-------++-------
Melee: Dagger            |       |    29 |    44 ||    73
 Cast: Sandblast         |    32 |    55 |    19 ||   106
       Stone Arrow       |       |     5 |     3 ||     8
  Use: Scroll            |     4 |     6 |       ||    10
       Potion            |       |     1 |     6 ||     7
  Eat: Chunk             |     1 |     3 |     2 ||     6
Armor: Robe              |     2 |    21 |    11 ||    34
       Skin              |       |     1 |    74 ||    75
Dodge: Dodged            |     7 |    23 |    32 ||    62
